[Event "Titled Tuesday Blitz August 24 2021"]
[White "Rodriguez, Santiago"]
[Black "Koziol, Kamil"]
[WhiteFideId "3000591"]
[BlackFideId "1161555"]
[WhiteElo "2256"]
[BlackElo "2025"]
[Result "1-0"]
[Round "11"]
[TimeControl "180+1"]
[Date "2021.08.24"]
[WhiteClock "0:02:16"]
[BlackClock "0:01:00"]

1. d4 Nf6 2. Bg5 Ne4 3. Bf4 d5 4. e3 c5 5. Bd3 Nc6 6. Bxe4 dxe4 7. d5 Nb4 8. Nc3 Bf5 9. g4 Bg6 10. a3 Na6 11. Nge2 Qd7 12. Ng3 e6 13. h4 h6 14. h5 Bh7 15. d6 Rd8 16. Ngxe4 Qc6 17. Qf3 f6 18. O-O-O e5 19. Bg3 b5 20. Nxf6+ 1-0


[Site "https://www.chess.com"]

[Event "Titled Tuesday Blitz August 24 2021"]
[White "Ronka, Erik"]
[Black "Dang, Hoang Son"]
[WhiteFideId "505080"]
[BlackFideId "12402435"]
[WhiteElo "2264"]
[BlackElo "2248"]
[Result "0-1"]
[Round "11"]
[TimeControl "180+1"]
[Date "2021.08.24"]
[WhiteClock "0:00:04"]
[BlackClock "0:00:49"]

1. d4 Nf6 2. c4 c5 3. d5 b5 4. cxb5 a6 5. f3 e6 6. e4 axb5 7. Bxb5 Ba6 8. Bxa6 Rxa6 9. Nc3 Bd6 10. Nge2 O-O 11. O-O exd5 12. Nxd5 Nxd5 13. Qxd5 Qc7 14. g3 Nc6 15. Rd1 Nd4 16. Nxd4 cxd4 17. Kg2 Bc5 18. Bd2 Rb8 19. Rab1 Rc6 20. b4 Bb6 21. Rdc1 Rc2 22. Kh3 d6 23. Bf4 Qd7+ 24. g4 Rc3 25. Rxc3 dxc3 26. Qxd6 Qxd6 27. Bxd6 Ra8 28. Rc1 Bd4 29. Rc2 f6 30. Bc5 Be5 31. Be3 g5 32. b5 Ra4 33. b6 Rb4 34. Bc1 Rxb6 35. Kg2 Kf7 36. h4 Rb2 37. Rf2 Rb1 38. Be3 gxh4 39. f4 Bc7 40. Kf3 Rb2 41. Bd4 Rxf2+ 42. Kxf2 c2 43. Be3 Bb6 0-1


[Site "https://www.chess.com"]

[Event "Titled Tuesday Blitz August 24 2021"]
[White "Rottenwohrer Suarez, Juan"]
[Black "Serikbay, Assel"]
[WhiteFideId "32068182"]
[BlackFideId "13706799"]
[WhiteElo "2158"]
[BlackElo "2044"]
[Result "1-0"]
[Round "11"]
[TimeControl "180+1"]
[Date "2021.08.24"]
[WhiteClock "0:00:18"]
[BlackClock "0:00:02"]

1. d4 Nf6 2. c4 g6 3. Nf3 Bg7 4. g3 d6 5. Bg2 O-O 6. O-O Nbd7 7. Nc3 e5 8. e4 exd4 9. Nxd4 Nc5 10. b3 Ne6 11. Nde2 c6 12. Bb2 Qc7 13. Qd2 Rd8 14. Rfd1 Ng4 15. h3 Bh6 16. Qc2 Ne5 17. f4 Nd7 18. Kh2 b6 19. Rd2 Bb7 20. Rad1 Ndf8 21. Ba3 Nc5 22. b4 Nce6 23. b5 Nc5 24. bxc6 Bxc6 25. Nd5 Bxd5 26. cxd5 Rac8 27. Nd4 Qb7 28. Nc6 Re8 29. Re2 Nfd7 30. e5 dxe5 31. fxe5 Qa6 32. Bxc5 Nxc5 33. d6 Nd7 34. Ne7+ Kh8 35. Nxc8 Rxc8 36. Qd3 Qa4 37. e6 fxe6 38. Rxe6 Bg7 39. Re7 Nc5 40. Qd5 Rd8 41. d7 Qb5 42. Rde1 Nxd7 43. Rd1 Qxd5 44. Rxd5 Bf6 45. Rexd7 Rxd7 46. Rxd7 1-0


[Site "https://www.chess.com"]

[Event "Titled Tuesday Blitz August 24 2021"]
[White "Sadykov, Ramil"]
[Black "Buscar, Michael"]
[WhiteFideId "24113590"]
[BlackFideId "2603616"]
[WhiteElo "2300"]
[BlackElo "2010"]
[Result "1-0"]
[Round "11"]
[TimeControl "180+1"]
[Date "2021.08.24"]
[WhiteClock "0:01:23"]
[BlackClock "0:01:36"]

1. d4 Nf6 2. Nc3 c5 3. d5 e6 4. e4 exd5 5. e5 Ng8 6. Qxd5 d6 7. Bb5+ Nd7 8. exd6 Qf6 9. Qe4+ Kd8 10. Nd5 Qxd6 11. Bf4 Qe6 12. Qxe6 fxe6 13. Nc7 e5 14. Nxa8 exf4 15. O-O-O Nf6 16. Nf3 c4 17. Ne5 Bc5 18. Nf7+ Ke7 19. Nxh8 1-0


[Site "https://www.chess.com"]

[Event "Titled Tuesday Blitz August 24 2021"]
[White "Sanchez Alvares, Kelvin Antonio"]
[Black "Samsonkin, Artiom"]
[WhiteFideId "3906680"]
[BlackFideId "13503111"]
[WhiteElo "2247"]
[BlackElo "2513"]
[Result "0-1"]
[Round "11"]
[TimeControl "180+1"]
[Date "2021.08.24"]
[WhiteClock "0:00:21"]
[BlackClock "0:00:31"]

1. d4 Nf6 2. c4 e6 3. Nf3 Bb4+ 4. Nbd2 O-O 5. g3 a5 6. Bg2 a4 7. a3 Be7 8. e4 d6 9. e5 Nfd7 10. O-O dxe5 11. dxe5 Nc6 12. Re1 Nc5 13. Nf1 Nd3 14. Re3 Ndxe5 15. Qxd8 Nxf3+ 16. Bxf3 Rxd8 17. Bxc6 bxc6 18. Re1 Ba6 19. Ne3 Rab8 20. Rb1 Rb3 21. Kf1 Bxa3 22. Ra1 Bb4 23. Re2 a3 24. bxa3 Bc3 25. Raa2 Rb1 26. Rac2 Ba5 27. Kg2 c5 28. Bd2 Bb7+ 29. f3 Bb6 30. Bc3 f6 31. Red2 Ra8 32. Bb2 Re1 33. Kf2 Rh1 34. Kg2 Rb1 35. Nd1 Bc6 36. Nc3 Re1 37. Re2 Rxe2+ 38. Rxe2 Kf7 39. Rd2 Rb8 40. Rc2 Ba5 41. Bc1 Rb3 42. Nd1 Bxf3+ 43. Kf2 Bxd1 0-1


[Site "https://www.chess.com"]

[Event "Titled Tuesday Blitz August 24 2021"]
[White "Sarana, Alexey"]
[Black "Ter-Sahakyan, Samvel"]
[WhiteFideId "24133795"]
[BlackFideId "13302531"]
[WhiteElo "2646"]
[BlackElo "2551"]
[Result "1-0"]
[Round "11"]
[TimeControl "180+1"]
[Date "2021.08.24"]
[WhiteClock "0:01:25"]
[BlackClock "0:00:02"]

1. e4 e6 2. d4 d5 3. Nc3 Bb4 4. e5 c5 5. a3 Bxc3+ 6. bxc3 Ne7 7. Qg4 Qc7 8. Qxg7 Rg8 9. Qxh7 cxd4 10. Rb1 Nbc6 11. f4 dxc3 12. Qd3 Bd7 13. Ne2 d4 14. Nxd4 Nxd4 15. Qxd4 Bc6 16. Qxc3 O-O-O 17. Rg1 Nd5 18. Qd2 Rg4 19. Qf2 Nc3 20. Be2 Nxb1 21. Qxa7 Rxg2 22. Rxg2 Bxg2 23. Be3 Rh8 24. Bb6 Qb8 25. Qa4 Bc6 26. Qb4 Kd7 27. Qxb1 Rxh2 28. Qb4 Ke8 29. Bd3 Qc8 30. Qd6 Rh1+ 31. Kd2 Rh2+ 32. Kc1 Rh8 33. Kb2 Bd5 34. f5 Qc6 35. Qb4 exf5 36. Bb5 1-0


[Site "https://www.chess.com"]

[Event "Titled Tuesday Blitz August 24 2021"]
[White "Senft, Sean"]
[Black "Obolentseva, Alexandra"]
[WhiteFideId "2044960"]
[BlackFideId "24153648"]
[WhiteElo "1881"]
[BlackElo "2113"]
[Result "0-1"]
[Round "11"]
[TimeControl "180+1"]
[Date "2021.08.24"]
[WhiteClock "0:00:02"]
[BlackClock "0:00:18"]

1. d4 Nf6 2. Bf4 d6 3. c4 g6 4. Nc3 Bg7 5. e3 c6 6. Nf3 Nbd7 7. Be2 O-O 8. O-O a6 9. a4 b6 10. b4 Nh5 11. Bg3 Nxg3 12. hxg3 Nf6 13. Rc1 Bd7 14. c5 bxc5 15. bxc5 dxc5 16. dxc5 Be6 17. Nd4 Bd7 18. Bf3 Qc7 19. Rb1 Rfd8 20. Qe2 e5 21. Nc2 Qa5 22. Ne4 Nxe4 23. Bxe4 Qxa4 24. Rb6 Qxe4 25. Rd1 Bf5 26. Rxd8+ Rxd8 27. Nb4 Bd7 28. Qxa6 h5 29. Qa7 h4 30. Qc7 Bf6 31. gxh4 Qxh4 32. Rb7 Qc4 33. Qd6 Qe6 34. Qc7 e4 35. Nc2 Qc4 36. Qd6 Be6 37. Qf4 Bg7 38. Nb4 Qxc5 39. Qg3 Rd1+ 40. Kh2 Be5 41. f4 exf3 0-1


[Site "https://www.chess.com"]

[Event "Titled Tuesday Blitz August 24 2021"]
[White "Sevian, Samuel"]
[Black "Sonis, Francesco"]
[WhiteFideId "2040506"]
[BlackFideId "895733"]
[WhiteElo "2972"]
[BlackElo "2373"]
[Result "1-0"]
[Round "11"]
[TimeControl "180+1"]
[Date "2021.08.24"]
[WhiteClock "0:01:32"]
[BlackClock "0:00:49"]

1. e4 e6 2. d4 d5 3. Nd2 a6 4. Ngf3 c5 5. c3 cxd4 6. Nxd4 Nf6 7. exd5 Qxd5 8. Nc4 Nbd7 9. Ne3 Qc5 10. Be2 Be7 11. O-O O-O 12. a4 Qc7 13. g4 b6 14. g5 Ne8 15. f4 Bb7 16. h4 Nd6 17. Bd3 Nc5 18. Bc2 Be4 19. h5 Rfd8 20. h6 g6 21. Qe2 Qb7 22. Ng4 Nf5 23. Be3 Ng3 24. Qf2 Nxf1 25. Rxf1 Bxc2 26. Qxc2 Qe4 27. Qxe4 Nxe4 28. Nc6 Rd7 29. Bxb6 Rb7 30. a5 Rc8 31. Nxe7+ Rxe7 32. Rd1 f5 33. gxf6 Rf7 34. Bd8 Ng3 35. Ne5 Rf8 36. Be7 Nh5 37. Bxf8 Rxf8 38. f7+ Kh8 39. Nc6 1-0


[Site "https://www.chess.com"]

[Event "Titled Tuesday Blitz August 24 2021"]
[White "Shuvalova, Polina"]
[Black "Ivanisevic, Ivan"]
[WhiteFideId "24171760"]
[BlackFideId "912417"]
[WhiteElo "2299"]
[BlackElo "2499"]
[Result "0-1"]
[Round "11"]
[TimeControl "180+1"]
[Date "2021.08.24"]
[WhiteClock "0:00:21"]
[BlackClock "0:00:25"]

1. d4 Nf6 2. Nf3 c5 3. d5 d6 4. c4 g6 5. Nc3 Bg7 6. e4 O-O 7. Be2 e6 8. O-O Re8 9. h3 exd5 10. exd5 Bf5 11. Bf4 Ne4 12. Nxe4 Bxe4 13. Qd2 Qb6 14. Ng5 Bf5 15. g4 Qxb2 16. Qxb2 Bxb2 17. Rae1 Bc2 18. Bf3 Nd7 19. Bxd6 Bd3 20. Rxe8+ Rxe8 21. Rd1 Bxc4 22. Ne4 b6 23. g5 Bd4 24. a3 Bxd5 25. Nd2 Be6 26. Bc6 Rc8 27. Bb7 Rd8 28. Bc6 Ne5 29. Be7 Nxc6 30. Bxd8 Nxd8 31. Nf3 Nc6 0-1


[Site "https://www.chess.com"]

[Event "Titled Tuesday Blitz August 24 2021"]
[White "Starozhilov, Leonid"]
[Black "Pichot, Alan"]
[WhiteFideId "14106752"]
[BlackFideId "110973"]
[WhiteElo "2414"]
[BlackElo "2622"]
[Result "0-1"]
[Round "11"]
[TimeControl "180+1"]
[Date "2021.08.24"]
[WhiteClock "0:00:02"]
[BlackClock "0:00:56"]

1. c4 e6 2. Nf3 d5 3. cxd5 exd5 4. d4 c6 5. Nc3 Bd6 6. g3 Ne7 7. Bg2 Bf5 8. Bf4 O-O 9. Bxd6 Qxd6 10. Qb3 Nd7 11. O-O b5 12. Rfe1 Rfd8 13. Rac1 Rac8 14. e3 Nb6 15. Ne2 Nc4 16. Nf4 a5 17. a3 Be4 18. Qa2 a4 19. Ne2 Qf6 20. Nh4 g5 21. Bxe4 dxe4 22. Ng2 Nd2 23. Red1 Nf3+ 24. Kh1 Qh6 25. h4 Rd5 26. Ng1 gxh4 27. Nxf3 exf3 28. Nxh4 Rh5 29. Rg1 Kf8 30. Rg2 fxg2+ 31. Kxg2 Qe6 32. Qb1 f5 33. Rc5 Nd5 34. Nf3 Qe4 35. Qxe4 fxe4 36. Ne5 Ke7 37. Nxc6+ Kd6 38. Nb4 Rxc5 0-1


[Site "https://www.chess.com"]

[Event "Titled Tuesday Blitz August 24 2021"]
[White "Svane, Rasmus"]
[Black "Stoyanov, Tsvetan"]
[WhiteFideId "4657101"]
[BlackFideId "2917173"]
[WhiteElo "2669"]
[BlackElo "2191"]
[Result "1-0"]
[Round "11"]
[TimeControl "180+1"]
[Date "2021.08.24"]
[WhiteClock "0:00:06"]
[BlackClock "0:00:05"]

1. Nf3 Nf6 2. g3 e6 3. Bg2 d5 4. O-O Be7 5. c4 dxc4 6. Na3 O-O 7. Nxc4 Nbd7 8. d4 c5 9. b3 Nd5 10. Bb2 cxd4 11. Nxd4 N7b6 12. Rc1 Nxc4 13. bxc4 Nb4 14. Qb3 Qa5 15. Ba3 Bd7 16. Rb1 Nd5 17. cxd5 Qxa3 18. dxe6 Qxb3 19. Rxb3 Bxe6 20. Nxe6 fxe6 21. Rxb7 Bc5 22. e3 Rab8 23. Rc7 Bb6 24. Rc6 Rf6 25. Bh3 e5 26. Rxf6 gxf6 27. Rc1 Rd8 28. Rc2 Kf7 29. Bf5 h6 30. g4 Ke7 31. Kg2 Rg8 32. Kf3 Rd8 33. h3 Kd6 34. Kg3 Ke7 35. Kh4 Kf7 36. Kg3 Ke7 37. Kf3 Kf7 38. Ke4 Ke7 39. Rb2 Rd6 40. Kf3 Rd8 41. Re2 Rd6 42. Kg3 Rc6 43. Kh4 Kf7 44. Kh5 Kg7 45. Rd2 Rc7 46. Rd8 Re7 47. Rb8 Rc7 48. Be6 Re7 49. Bd5 Rd7 50. e4 Bxf2 51. Rg8+ Kh7 52. Rg6 Be3 53. Rxf6 Bf4 54. h4 Rg7 55. Be6 Re7 56. Bf5+ Kg7 57. g5 hxg5 58. hxg5 Rc7 59. Rh6 Rc3 60. Rh7+ Kg8 61. Kg6 Rc6+ 62. Kh5 Rc1 63. Rxa7 Rg1 64. g6 Rh1+ 65. Kg4 Rg1+ 66. Kf3 Rg3+ 67. Ke2 Rg2+ 68. Kd3 Rd2+ 69. Kc4 Rd6 70. a4 Be3 71. Rc7 Rd4+ 72. Kb5 Bd2 73. Be6+ 1-0


[Site "https://www.chess.com"]

[Event "Titled Tuesday Blitz August 24 2021"]
[White "TanitoluwaAps116"]
[Black "Hjartarson, Johann"]
[BlackFideId "2300044"]
[WhiteElo "2471"]
[BlackElo "2502"]
[Result "1/2-1/2"]
[Round "11"]
[TimeControl "180+1"]
[Date "2021.08.24"]
[WhiteClock "0:00:04"]
[BlackClock "0:00:18"]

1. d4 d6 2. e4 g6 3. Nf3 Bg7 4. c3 Nf6 5. Bd3 O-O 6. h3 Nc6 7. O-O e5 8. Re1 a6 9. a3 Nh5 10. g4 Nf4 11. Bxf4 exf4 12. Qc2 h6 13. Nbd2 Bd7 14. b4 g5 15. e5 dxe5 16. dxe5 Qe7 17. Bh7+ Kh8 18. Bf5 Rad8 19. Rad1 Be6 20. Qe4 Bd5 21. Qe2 Rfe8 22. Be4 Nxe5 23. Bxd5 Rxd5 24. Kg2 Red8 25. Nxe5 Rxe5 26. Qf1 Qe6 27. Rxe5 Bxe5 28. Ne4 Re8 29. f3 Qc6 30. Qd3 Kg7 31. Qd7 Qxd7 32. Rxd7 b6 33. c4 Kf8 34. c5 Re7 35. Rd8+ Re8 36. Rd7 Re7 37. Rd8+ Re8 38. Rd7 1/2-1/2


[Site "https://www.chess.com"]

[Event "Titled Tuesday Blitz August 24 2021"]
[White "Timmermans, Mark"]
[Black "Kavyev, Ruslan"]
[WhiteFideId "1026399"]
[BlackFideId "34110981"]
[WhiteElo "2460"]
[BlackElo "2172"]
[Result "1-0"]
[Round "11"]
[TimeControl "180+1"]
[Date "2021.08.24"]
[WhiteClock "0:01:35"]
[BlackClock "0:01:01"]

1. b4 Nf6 2. Bb2 d5 3. b5 e6 4. a4 a6 5. e3 axb5 6. axb5 Rxa1 7. Bxa1 c5 8. c4 b6 9. Nf3 Bb7 10. Be2 Be7 11. O-O O-O 12. d4 Nbd7 13. Nbd2 Qa8 14. Bb2 cxd4 15. Bxd4 Rc8 16. cxd5 Nxd5 17. Qa1 Qxa1 18. Rxa1 Nc3 19. Bf1 Bf6 20. Ra7 Rb8 21. Nc4 Bxf3 22. gxf3 Bxd4 23. Rxd7 Bc5 24. Ne5 f6 25. Nc6 Re8 26. Bc4 h6 27. Nd8 Kh8 28. Nxe6 Nxb5 29. Nxc5 Na3 30. Bf7 1-0


[Site "https://www.chess.com"]

[Event "Titled Tuesday Blitz August 24 2021"]
[White "Todorovic, Bojan"]
[Black "Kadam, Om Manish"]
[WhiteFideId "917087"]
[BlackFideId "45076294"]
[WhiteElo "2266"]
[BlackElo "1729"]
[Result "1-0"]
[Round "11"]
[TimeControl "180+1"]
[Date "2021.08.24"]
[WhiteClock "0:00:30"]
[BlackClock "0:01:38"]

1. d4 Nf6 2. c4 g6 3. Nc3 d5 4. Nf3 Bg7 5. Bg5 Ne4 6. Bh4 Nxc3 7. bxc3 dxc4 8. e3 b5 9. a4 c6 10. Qb1 a6 11. Be2 O-O 12. O-O Bb7 13. Bxc4 c5 14. axb5 Bxf3 15. gxf3 cxd4 16. cxd4 Qc7 17. Rc1 Qd6 18. Bg3 Qf6 19. b6 Nc6 20. b7 Rad8 21. Rxa6 Qxf3 22. Bf1 Nb8 23. Ra8 h5 24. Bg2 Qf6 25. Rc8 Rxc8 26. bxc8=Q Rxc8 27. Rxb8 Rxb8 28. Qxb8+ Kh7 29. Qe5 h4 30. Qxf6 Bxf6 31. Be5 Bg5 32. d5 Kg8 33. Bh3 Kf8 34. Kf1 Ke8 35. Ke2 Bh6 36. Kd3 f6 37. Bf4 Bg7 38. Be6 f5 39. h3 Bf6 40. e4 g5 41. Be3 g4 42. Bxf5 g3 43. fxg3 hxg3 44. Ke2 Be5 45. Kf3 Kf7 46. h4 Kf6 47. h5 Kg7 48. h6+ Kf7 49. Bg5 Bd6 50. h7 Kg7 51. Bh4 g2 52. Kxg2 1-0


[Site "https://www.chess.com"]

[Event "Titled Tuesday Blitz August 24 2021"]
[White "Tokhirjonova, Gulrukhbegim"]
[Black "Shahade, Gregory"]
[WhiteFideId "14203626"]
[BlackFideId "2009064"]
[WhiteElo "2236"]
[BlackElo "2676"]
[Result "1-0"]
[Round "11"]
[TimeControl "180+1"]
[Date "2021.08.24"]
[WhiteClock "0:00:13"]
[BlackClock "0:00:03"]

1. e4 e5 2. Nf3 Nc6 3. Bc4 Nf6 4. d3 Bc5 5. c3 a6 6. b4 Ba7 7. a4 d6 8. O-O O-O 9. Re1 Ng4 10. Re2 Kh8 11. h3 f5 12. Bg5 Qe8 13. exf5 Nh6 14. f6 Qg6 15. Qc1 Bxh3 16. fxg7+ Qxg7 17. Ne1 Ng4 18. Raa2 e4 19. d4 Nf6 20. gxh3 d5 21. Bb3 h6 22. h4 Nh7 23. Ng2 hxg5 24. Bxd5 gxh4 25. Bxe4 Ng5 26. f4 Nh3+ 27. Kh1 Rae8 28. Qe1 Qg4 29. Nxh4 Nxd4 30. cxd4 Bxd4 31. Ng6+ Kg7 32. Nxf8 Rxf8 33. Rg2 Nf2+ 34. Raxf2 Rh8+ 35. Kg1 Bxf2+ 36. Qxf2 Qxg2+ 37. Qxg2+ 1-0


[Site "https://www.chess.com"]

[Event "Titled Tuesday Blitz August 24 2021"]
[White "Tologon tegin, Semetei"]
[Black "Nilsen, Tobias Lang"]
[WhiteFideId "13800574"]
[BlackFideId "1521624"]
[WhiteElo "2224"]
[BlackElo "1975"]
[Result "1/2-1/2"]
[Round "11"]
[TimeControl "180+1"]
[Date "2021.08.24"]
[WhiteClock "0:00:20"]
[BlackClock "0:00:52"]

1. e4 e6 2. d3 d5 3. Nd2 Nf6 4. Ngf3 c5 5. g3 Nc6 6. Bg2 Be7 7. O-O O-O 8. Re1 b5 9. e5 Nd7 10. Nf1 Qc7 11. Bf4 Bb7 12. h4 Rfc8 13. h5 h6 14. N1h2 Qd8 15. Ng4 Bf8 16. Qd2 a5 17. Bh3 Nd4 18. Nh4 Qxh4 19. gxh4 Nf3+ 20. Kf1 Nxd2+ 21. Bxd2 b4 22. a3 Ba6 23. Kg2 c4 24. d4 c3 25. bxc3 bxa3 26. f4 Nb6 27. Ne3 Na4 28. Nd1 Rc6 29. f5 exf5 30. Bxf5 Bc8 31. Bd3 Ba6 32. Kf2 Nb2 33. Ke3 Be7 34. Nxb2 axb2 35. Rxa5 Bb7 36. Rxa8+ Bxa8 37. Rb1 Ba3 38. c4 dxc4 39. Be4 Rc8 40. Bc3 Bxe4 41. Kxe4 Kf8 42. d5 Ke8 43. Kd4 Kd7 44. Ke4 Rb8 45. Kd4 Rc8 46. Ke4 Rb8 47. Kd4 Rc8 1/2-1/2


[Site "https://www.chess.com"]

[Event "Titled Tuesday Blitz August 24 2021"]
[White "Tsaruk, Maksim"]
[Black "Avramidou, Anastasia"]
[WhiteFideId "13511173"]
[BlackFideId "4239873"]
[WhiteElo "2184"]
[BlackElo "2183"]
[Result "0-1"]
[Round "11"]
[TimeControl "180+1"]
[Date "2021.08.24"]
[WhiteClock "0:00:10"]
[BlackClock "0:00:06"]

1. Nf3 Nf6 2. c4 g6 3. Nc3 Bg7 4. g3 O-O 5. Bg2 c5 6. O-O Nc6 7. b3 d6 8. Bb2 e5 9. Nd5 Nxd5 10. cxd5 Ne7 11. e4 f5 12. d3 f4 13. Nd2 h5 14. a4 Qe8 15. Nc4 Rf6 16. b4 b6 17. a5 b5 18. bxc5 bxc4 19. cxd6 Rxd6 20. dxc4 g5 21. c5 Rh6 22. Qb3 Kh7 23. Rfc1 h4 24. c6 hxg3 25. hxg3 Ba6 26. g4 Rh4 27. f3 Rb8 28. Qc2 Bb5 29. Ba3 Rc8 30. Qc5 Nxc6 31. Qxb5 Nd4 32. Qxe8 Rxe8 33. Kf2 Nb3 34. d6 Rh6 35. d7 Rd8 36. Rd1 Nd4 37. Be7 Rxd7 38. Bxg5 Rc6 39. Ra2 Rdc7 40. a6 Rc2+ 41. Rxc2 Rxc2+ 42. Kg1 Kg6 43. Be7 Ra2 44. Bc5 Rxa6 45. Bxd4 exd4 46. Bf1 Ra3 47. Bd3 Kg5 48. Rd2 Be5 49. Kf2 a5 50. Ke2 a4 51. Rc2 Rc3 52. Rxc3 dxc3 53. Bc4 a3 54. Kd3 Kh4 55. Kc2 Kg3 56. Kb3 Kxf3 57. g5 Kxe4 58. Kxa3 f3 59. Kb3 Ke3 60. Kc2 Kf2 61. g6 Kg2 62. Bd5 Kg3 63. Kd1 f2 64. Bc4 Kg2 65. g7 Bxg7 66. Bd5+ Kg1 67. Bc4 f1=Q+ 68. Bxf1 Kxf1 69. Kc2 Ke2 70. Kc1 Kd3 71. Kb1 c2+ 72. Kc1 Bh6+ 73. Kb2 c1=Q+ 74. Ka2 Qc4+ 75. Kb2 Bg7+ 76. Kb1 Qb3+ 77. Kc1 Qc2# 0-1


[Site "https://www.chess.com"]

[Event "Titled Tuesday Blitz August 24 2021"]
[White "Tsyhanchuk, Stanislav"]
[Black "Zierk, Steven"]
[WhiteFideId "13505130"]
[BlackFideId "2034255"]
[WhiteElo "2121"]
[BlackElo "2494"]
[Result "0-1"]
[Round "11"]
[TimeControl "180+1"]
[Date "2021.08.24"]
[WhiteClock "0:00:03"]
[BlackClock "0:00:10"]

1. e4 e6 2. d4 d5 3. Nc3 Bb4 4. e5 c5 5. Bd2 Ne7 6. Nb5 Bxd2+ 7. Qxd2 O-O 8. f4 cxd4 9. Nf3 a6 10. Nbxd4 Nbc6 11. Bd3 Nxd4 12. Nxd4 Nc6 13. Nf3 f6 14. O-O-O fxe5 15. fxe5 Qe7 16. a3 b5 17. h4 b4 18. a4 Bd7 19. b3 Be8 20. h5 h6 21. Rdf1 a5 22. g4 Rc8 23. g5 hxg5 24. h6 g6 25. Nxg5 Rxf1+ 26. Rxf1 Nxe5 27. h7+ Kh8 28. Ba6 Ra8 29. Qf4 Nd7 30. Bb5 e5 31. Qh4 Nf6 32. Bxe8 Rxe8 33. Qf2 Nh5 34. Qh4 Nf4 35. Kb1 Rf8 36. Qh6 Qg7 37. Qh4 Rf5 38. Ne6 Nxe6 39. Rxf5 gxf5 40. Qh5 Nf8 41. Qe8 Kxh7 42. Qc6 f4 43. Qxd5 Qf6 44. Qe4+ Ng6 45. Qf3 Qf5 46. Qh5+ Qxh5 0-1


[Site "https://www.chess.com"]

[Event "Titled Tuesday Blitz August 24 2021"]
[White "Viani Antonio Dcunha"]
[Black "Wagner, Dennis"]
[WhiteFideId "5027330"]
[BlackFideId "24650684"]
[WhiteElo "2366"]
[BlackElo "2355"]
[Result "1-0"]
[Round "11"]
[TimeControl "180+1"]
[Date "2021.08.24"]
[WhiteClock "0:00:10"]
[BlackClock "0:00:12"]

1. d4 d5 2. Bf4 c5 3. e3 cxd4 4. exd4 Nc6 5. c3 Bf5 6. Nf3 e6 7. Bd3 Bxd3 8. Qxd3 Bd6 9. Bg3 Nge7 10. O-O O-O 11. Nbd2 Bxg3 12. hxg3 Nf5 13. Rfe1 Re8 14. Ne5 Rc8 15. Ndf3 f6 16. Nxc6 bxc6 17. Re2 Qd7 18. Rae1 Nd6 19. Nd2 Re7 20. Nb3 Ne4 21. Nd2 Nxd2 22. Qxd2 Rce8 23. Qf4 Qb7 24. Qd6 Kf7 25. b4 Qc7 26. Qc5 Rb8 27. a4 Qd7 28. g4 h6 29. g3 Rd8 30. Kg2 Qb7 31. Re3 Qb6 32. a5 Qxc5 33. dxc5 e5 34. Rd3 Ke6 35. f4 Kd7 36. c4 d4 37. fxe5 fxe5 38. Kf3 Rf8+ 39. Ke4 g5 40. Rh1 Rf2 41. Rxh6 Re2+ 42. Kf5 Kc7 43. b5 cxb5 44. cxb5 Rc2 45. Rc6+ Kd7 46. Kxg5 Rc4 47. Kf5 e4 48. Rd6+ Kc7 49. b6+ Kc8 50. R3xd4 Rxc5+ 51. Kf6 Re8 52. bxa7 Kb7 53. Re6 Rxe6+ 54. Kxe6 e3 55. Re4 Rc3 56. g5 e2 57. Rxe2 Rxg3 58. Kf6 Rf3+ 59. Kg7 Kxa7 60. g6 Ka6 61. Kh8 Rh3+ 62. Kg8 Kxa5 63. g7 Rf3 64. Rh2 Kb6 65. Kh8 1-0


[Site "https://www.chess.com"]

[Event "Titled Tuesday Blitz August 24 2021"]
[White "Vlassov, Nikolai"]
[Black "Bortnyk, Olexandr"]
[WhiteFideId "4103360"]
[BlackFideId "14120828"]
[WhiteElo "2407"]
[BlackElo "2723"]
[Result "0-1"]
[Round "11"]
[TimeControl "180+1"]
[Date "2021.08.24"]
[WhiteClock "0:01:17"]
[BlackClock "0:02:35"]

1. e4 Nf6 2. e5 Nd5 3. d4 d6 4. c4 Nb6 5. exd6 exd6 6. Nc3 Be7 7. h3 O-O 8. Nf3 Bf5 9. Be2 Nc6 10. a3 Bf6 11. O-O Re8 12. Be3 d5 13. c5 Nc4 14. Bc1 b6 15. b3 N4a5 16. Bb2 bxc5 17. dxc5 d4 18. Nxd4 Nxd4 19. b4 Nxe2+ 0-1


[Site "https://www.chess.com"]

[Event "Titled Tuesday Blitz August 24 2021"]
[White "Yaran, Siar"]
[Black "Pajeken, Jakob Leon"]
[WhiteFideId "6323006"]
[BlackFideId "12942839"]
[WhiteElo "1977"]
[BlackElo "2231"]
[Result "0-1"]
[Round "11"]
[TimeControl "180+1"]
[Date "2021.08.24"]
[WhiteClock "0:00:16"]
[BlackClock "0:01:43"]

1. e4 e5 2. f4 exf4 3. Nf3 Nf6 4. e5 Nh5 5. d4 g6 6. Nc3 Bg7 7. Nd5 d6 8. Nxf4 Bg4 9. h3 Bxf3 10. Qxf3 Qh4+ 11. Kd1 Nxf4 12. Bxf4 dxe5 13. dxe5 Nc6 14. Bd3 O-O 15. Re1 Rae8 16. Bg3 Qb4 17. Kc1 Nxe5 18. Bxe5 Qxe1+ 0-1


[Site "https://www.chess.com"]

[Event "Titled Tuesday Blitz August 24 2021"]
[White "Yeletsky, Ivan"]
[Black "Arabidze, Meri"]
[WhiteFideId "24180327"]
[BlackFideId "13604040"]
[WhiteElo "2344"]
[BlackElo "2432"]
[Result "0-1"]
[Round "11"]
[TimeControl "180+1"]
[Date "2021.08.24"]
[WhiteClock "0:00:19"]
[BlackClock "0:00:30"]

1. c4 e5 2. Nc3 Nc6 3. Nf3 f5 4. d4 e4 5. Ng5 Nf6 6. h4 Bb4 7. Bd2 O-O 8. e3 Bxc3 9. Bxc3 d5 10. g3 h6 11. Nh3 Be6 12. b3 Ng4 13. Nf4 Bf7 14. cxd5 Ne7 15. Ne6 Bxe6 16. dxe6 Nd5 17. Bc4 c6 18. Bb4 Re8 19. e7 Qd7 20. Qc2 Kh8 21. Bxd5 Qxd5 22. Qc4 Qd7 23. d5 cxd5 24. Qd4 a5 25. Ba3 Rac8 26. O-O b5 27. Rac1 b4 28. Bb2 Qxe7 29. Rxc8 Rxc8 30. Qxd5 Rc5 31. Qa8+ Kh7 32. Bd4 Rc2 33. Qxa5 Qf7 34. Qxb4 Qg6 35. Kg2 f4 36. Qe7 f3+ 37. Kg1 Nxf2 38. Be5 Ng4 39. h5 Rg2+ 40. Kh1 Qxh5+ 41. Qh4 Qxh4+ 42. gxh4 Nf2+ 0-1


[Site "https://www.chess.com"]

[Event "Titled Tuesday Blitz August 24 2021"]
[White "Yoo, Christopher Woojin"]
[Black "Polivanov, Anatoliy"]
[WhiteFideId "30909694"]
[BlackFideId "14109468"]
[WhiteElo "2105"]
[BlackElo "2472"]
[Result "0-1"]
[Round "11"]
[TimeControl "180+1"]
[Date "2021.08.24"]
[WhiteClock "0:00:01"]
[BlackClock "0:00:27"]

1. e4 c5 2. Nf3 g6 3. c3 Bg7 4. d4 cxd4 5. cxd4 d5 6. e5 a6 7. Nc3 Nc6 8. h3 f6 9. Bf4 Nh6 10. Qd2 Nf7 11. exf6 exf6 12. Be2 O-O 13. O-O Be6 14. Rfe1 Re8 15. Na4 Nd6 16. Nc5 Ne4 17. Qc2 Nxc5 18. Qxc5 Bf5 19. Bf1 Be4 20. Nd2 f5 21. Nxe4 fxe4 22. Bd6 Nxd4 23. Qxd5+ Kh8 24. Rad1 Nf5 25. Bc5 Qxd5 26. Rxd5 e3 27. fxe3 Bxb2 28. Rb1 Bf6 29. Rxb7 Rac8 30. Bxa6 Nxe3 31. Bxe3 Rxe3 32. Rdd7 Ra3 33. Bd3 Rxa2 34. Rxh7+ Kg8 35. Rhc7 Bd4+ 36. Kh1 Rxc7 37. Rxc7 Ra1+ 0-1


[Site "https://www.chess.com"]